AoeStats
← Draskard CL

Arena

510621708Analyzed
3v3 RM · 2d ago on Oct 1, 2026· 47m 59s· 6 players
Game mode
Random Map
Map size
Normal (6 player)
Population
200
Speed
Normal
Resources
Standard
Victory
Conquest
Starting age
Dark Age
Ending age
Imperial Age
RankedLock teamsTeams togetherTeam positionsShared explorationLock speedFull tech treeHidden civsTurbo modeCheats
Victory
Defeat
🇺🇸 Malay · United States
856
+11
🇨🇱 Franks · Chile
842
+12
🇨🇱 Persians · Chile
820
+13
🇨🇿 Portuguese · Czechia
796
-14
🇺🇸 Bohemians · United States
775
-13
🇷🇺 Spanish · Russia
665
-9
TheBulAb69
0:26 Loom
14:20 Feudal Age
15:07 Double-Bit Axe
15:03 Horse Collar
21:11 Castle Age
19:39 Gold Mining
19:39 Stone Mining
19:54 Stone Mining
20:50 Heavy Plow
22:24 Bow Saw
23:15 Stone Shaft Mining
24:02 Gold Shaft Mining
24:31 Wheelbarrow
26:37 Hand Cart
31:14 Imperial Age
29:08 Husbandry
29:23 Forging
29:08 Fletching
29:13 Town Watch
29:57 Scale Barding Armor
29:37 Treadmill Crane
30:18 Ballistics
30:09 Masonry
30:22 Murder Holes
31:42 Iron Casting
31:05 Bodkin Arrow
33:40 Blast Furnace
33:07 Elite Battle Elephant
34:40 Conscription
38:53 Crop Rotation
38:56 Bracer
44:08 Chemistry
v.siefert99
11:25 Feudal Age
20:40 Castle Age
19:21 Scale Mail Armor
19:32 Forging
19:14 Fletching
19:16 Arson
20:23 Horse Collar
21:14 Double-Bit Axe
21:22 Stone Mining
21:34 Gold Mining
24:42 Bow Saw
25:14 Wheelbarrow
28:04 Hand Cart
28:13 Heavy Plow
28:44 Thumb Ring
28:00 Crossbowman
33:17 Imperial Age
32:20 Stone Shaft Mining
32:41 Kamandaran
34:42 Two-Man Saw
34:05 Ballistics
34:45 Chemistry
33:48 Padded Archer Armor
34:47 Leather Archer Armor
34:27 Bodkin Arrow
36:16 Ring Archer Armor
36:20 Capped Ram
38:34 Scale Barding Armor
38:54 Elite War Elephant
40:24 Gold Shaft Mining
40:53 Chain Barding Armor
41:24 Iron Casting
44:53 Bloodlines
44:43 Husbandry
Draskard CL
11:34 Feudal Age
15:44 Castle Age
16:44 Double-Bit Axe
16:52 Gold Mining
16:52 Stone Mining
21:07 Wheelbarrow
23:58 Bow Saw
25:15 Hand Cart
27:17 Loom
28:31 Town Watch
32:51 Imperial Age
32:57 Imperial Age
33:42 Chivalry
34:02 Conscription
33:14 Cavalier
33:55 Husbandry
34:02 Scale Barding Armor
34:08 Forging
35:47 Chain Barding Armor
37:32 Gold Shaft Mining
37:45 Paladin
42:52 Plate Barding Armor
42:52 Iron Casting
42:44 Capped Ram
Boundless316
1:58 Loom
9:57 Feudal Age
11:25 Wheelbarrow
10:39 Double-Bit Axe
10:37 Horse Collar
18:27 Castle Age
19:31 Hand Cart
19:32 Bow Saw
19:29 Heavy Plow
21:33 Loom
31:02 Imperial Age
29:57 Chemistry
29:13 Town Watch
30:10 Caravan
30:42 Coinage
31:58 Ballistics
31:50 Masonry
32:53 Two-Man Saw
32:00 Town Patrol
31:54 Fletching
32:14 Forging
31:55 Pikeman
32:36 Squires
32:22 Arson
33:03 Conscription
32:18 Elite Skirmisher
33:46 Siege Engineers
35:07 Bodkin Arrow
35:13 Padded Archer Armor
35:14 Scale Mail Armor
35:49 Iron Casting
35:11 Halberdier
36:45 Banking
36:26 Guilds
37:17 Bracer
37:33 Leather Archer Armor
40:09 Man-at-Arms
42:37 Blast Furnace
41:52 Chain Mail Armor
42:35 Ring Archer Armor
43:08 Guilds
43:29 Wagenburg Tactics
44:33 Plate Mail Armor
Drako
9:17 Loom
12:01 Feudal Age
14:33 Double-Bit Axe
18:52 Castle Age
17:47 Horse Collar
18:50 Wheelbarrow
19:56 Heavy Plow
20:17 Pikeman
21:15 Bow Saw
22:44 Town Watch
29:35 Imperial Age
27:45 Fortified Wall
27:33 Murder Holes
29:32 Man-at-Arms
29:44 Crossbowman
33:59 Siege Engineers
35:26 Two-Man Saw
33:59 Pikeman
33:59 Long Swordsman
35:39 Halberdier
38:25 Forging
38:06 Fletching
38:24 Two-Handed Swordsman
41:33 Iron Casting
43:30 Onager
45:32 Hand Cart
Anubis
0:42 Loom
13:17 Feudal Age
18:25 Castle Age
21:14 Double-Bit Axe
21:11 Horse Collar
23:14 Bow Saw
23:58 Caravan
28:27 Heavy Plow
36:37 Imperial Age
34:44 Wheelbarrow
35:46 Ballistics
35:37 Masonry
35:50 Hand Cart
39:02 Fortified Wall
39:55 Chemistry
Connection lost

Rejoining the realm…

Still unreachable

The connection could not be restored.

Session expired

The server has moved on; the page needs a fresh start.